 Dungeon Crawl Stone Soup version 0.18-a0-1539-g1c7284a (webtiles) character file.

508 ololoev the Cudgeler (level 6, -7/49 HPs)
             Began as a Mummy Wanderer on Mar 9, 2016.
             Mangled by a wight
             ... wielding a cursed +2 great sword
              (9 damage)
             ... on level 5 of the Dungeon.
             The game lasted 00:08:41 (4570 turns).

ololoev the Cudgeler (Mummy Wanderer)               Turns: 4570, Time: 00:08:41

Health: -7/49      AC:  8    Str: 15    XL:     6   Next: 98%
Magic:  6/6        EV:  9    Int: 14    God:
Gold:   197        SH:  0    Dex: 11    Spells: 0 memorised, 5 levels left

rFire  x . .     SeeInvis .     l - +0 flail
rCold  + + .     Gourm    .     a - +2 scale mail
rNeg   + + +     Faith    .     (no shield)
rPois  ∞         Spirit   .     (no helmet)
rElec  .         Dismiss  .     (no cloak)
rCorr  .         Reflect  .     (no gloves)
SustAt .         Harm     .     (no boots)
MR     .....                    (no amulet)
Stlth  ..........               (no ring)
                                b - ring of protection from cold

@: not resistant to hostile enchantments, extremely unstealthy
A: no food or potions, fire vulnerability, cold resistance 1, negative energy
resistance 3, torment resistance, unbreathing
a: no special abilities


Innate Abilities, Weirdness & Mutations

You do not eat or drink.
Your flesh is vulnerable to fire.
You are immune to poison.
Your flesh is cold resistant.
You are immune to negative energy.
You are immune to unholy pain and torment.
You can survive without breathing.

Inventory:

Hand Weapons
 l - a +0 flail (weapon)
Armour
 a - a +2 scale mail (worn)
Jewellery
 b - a ring of protection from cold (left hand)
Wands
 g - a wand of digging (20/24)
 i - a wand of iceblast (0/15)
Scrolls
 e - a scroll of identify
 f - a scroll of magic mapping
 h - 2 scrolls of amnesia
 j - a scroll of remove curse


   Skills:
 - Level 4.5 Fighting
 * Level 4.6 Maces & Flails
 + Level 3.6 Armour
   Level 1.0 Shields
 - Level 1.5 Unarmed Combat
 - Level 1.0 Evocations


You had 5 spell levels left.
You didn't know any spells.


You were on level 5 of the Dungeon.
You were not hungry.

You visited 1 branch of the dungeon, and saw 5 of its levels.

You collected 197 gold pieces.

...........# #.###########
.!#........#### #).........##
..##.####.....# #..#######.##
..##.# ##.##.# #..# #.## ..#...
#.# # #..# #.#. ....... #.# #..#
#####... ......## #.# # #..#
#.......
#.##.#####.##.#######..###.###...
#...[......Oz@..##......# #.#.
#.####........####.....###.# #.##
#...........### #.###.# #.# #.##
######.####.# #.# #.###.###...
#.# ##.######.###......>...# #.#
#≈≈≈≈≈........##..####/#
#.###≈###≈.####.####!.# #)#
#.##..'_'..# #.####..####.#
#.##.≈###≈## #...........(.

Notes
Turn   | Place    | Note
--------------------------------------------------------------
     0 | D:1      | ololoev the Mummy Wanderer began the quest for the Orb.
     0 | D:1      | ololoev set off with: a +2 scale mail, a +0 short sword, a scroll of teleportation
     0 | D:1      | Reached XP level 1. HP: 19/19 MP: 1/1
   330 | D:1      | Reached XP level 2. HP: 23/25 MP: 2/2
  1268 | D:2      | Found a shimmering altar of Xom.
  1336 | D:2      | Reached skill level 1 in Maces & Flails
  1336 | D:2      | Reached XP level 3. HP: 16/31 MP: 3/3
  1592 | D:2      | Found a snail-covered altar of Cheibriados.
  2006 | D:3      | Reached XP level 4. HP: 6/38 MP: 4/4
  2723 | D:4      | Noticed Menkaure
  2735 | D:4      | Reached XP level 5. HP: 28/43 MP: 5/5
  2744 | D:4      | Found Ydwiyri's Food Emporium.
  2780 | D:4      | Noticed PeterLawrence's ghost (amateur GrFi)
  2781 | D:5      | Entered Level 5 of the Dungeon
  2981 | D:5      | Found a white marble altar of Elyvilon.
  3705 | D:5      | Noticed an ogre
  3707 | D:5      | Noticed a centaur
  4099 | D:5      | Killed an ogre
  4099 | D:5      | Reached XP level 6. HP: 49/49 MP: 6/6
  4568 | D:5      | HP: 2/49 [wight/enchanted great sword (3)]
  4570 | D:5      | Mangled by a wight

Dungeon Overview and Level Annotations

Branches:
Dungeon (5/15)
 Temple: D:4-7

Altars:
Cheibriados
Elyvilon
Xom

Shops:
D:4 %

Annotations:
D:4 Menkaure; PeterLawrence's ghost, amateur GrFi


Message History

You hit the wight.
The wight is moderately damaged.
The wight hits you but does no damage.
You barely miss the wight.
The wight is moderately damaged.
The wight hits you but does no damage.
You thump the wight!
The wight is severely damaged.
The wight closely misses you.
You closely miss the wight.
The wight is severely damaged.
The wight closely misses you.
Your scale mail prevents you from hitting the wight.
The wight is severely damaged.
You barely miss the wight.
The wight is severely damaged.
The wight misses you.
Your scale mail prevents you from hitting the wight.
The wight is severely damaged.
The wight misses you.
You barely miss the wight.
The wight is severely damaged.
The wight hits you with a battleaxe.
You hit the wight.
The wight is almost destroyed.
The wight misses you.
You hit the wight.
You destroy the wight!
You hit the wight but do no damage. The wight barely misses you.
An ogre comes into view. It is wielding a giant club.
You closely miss the wight.
The ogre shouts!
The wight barely misses you.
You hit the wight but do no damage.
The wight hits you with an enchanted great sword.
You completely miss the wight. The wight barely misses you.
You hit the wight.
The wight is lightly damaged.
The wight hits you with an enchanted great sword!
You die...

You could see an ogre and a wight.

Vanquished Creatures
  An ogre (D:5)
  A centaur (D:5)
  2 wights (D:5)
  A jelly (D:5)
  A centaur skeleton (D:4)
  A worker ant (D:5)
  4 gnolls (D:4)
  7 adders
  An adder skeleton (D:5)
  2 worms
  A giant gecko (D:3)
  7 orcs
  5 giant cockroaches
  4 goblins
  4 hobgoblins
  3 jackals (D:5)
  A quokka (D:3)
  5 bats
  A giant newt (D:3)
  8 kobolds
  A quokka skeleton (D:5)
  8 rats
69 creatures vanquished.

Action                   |  1- 3 |  4- 6 || total
-------------------------+-------+-------++-------
Melee: Short sword       |    30 |       ||    30
       Spear             |    96 |       ||    96
       Mace              |    69 |   112 ||   181
       Flail             |       |   114 ||   114
Evoke: Wand              |     2 |    12 ||    14
  Use: Scroll            |     4 |     6 ||    10

Vault maps used:
D:1:      evilmike_arrival_crescent, minmay_misc_feat_rows
D:2:      xom_butterflies, lemuel_round_altar
D:3:      minmay_door_path
D:4:      serial_shops, kennysheep_mini, nicolae_shop_behind_doors, shop, shop,
          uniq_menkaure
D:5:      kennysheep_mini_moat, first_bread
